 Dungeon Crawl Stone Soup version 0.31.0-9-g3a7656b989 (console) character file.

Game seed: 3721404543619627750

13929 AlterAsc the Brawler (level 11, -5/88 (90) HPs)
             Began as a Troll Fighter on Jan 26, 2024.
             Was an Elder of Makhleb.
             Slain by a soul eater (19 damage)
             ... summoned by an orc sorcerer
             ... on level 2 of the Orcish Mines.
             The game lasted 00:18:25 (8392 turns).

AlterAsc the Brawler (Troll Fighter)                Turns: 8392, Time: 00:18:25

HP:   -5/88 (90)    AC: 14    Str: 30    XL:     11   Next: 82%
MP:   12/12         EV: 10    Int:  4    God:    Makhleb [****..]
Gold: 1126          SH:  0    Dex:  9    Spells: 10/10 levels left

rFire   + .          .
                       - Unarmed
rCold   + . .        (no shield)
rNeg    . . .        p - +2 robe {rC+ rF+}
rPois   .            (helmet restricted)
rElec   .            (no cloak)
rCorr   +            (gloves unavailable)
SInv    .            (boots unavailable)
Will    .....        H - amulet of Lugonu's Pride {Acrobat rCorr Str+2}
Stlth   +            f - +4 ring of protection
HPRegen 1.14/turn    l - +4 ring of protection
MPRegen 0.13/turn

%: acrobat
@: lightly drained
A: large, unfitting armour, claws 3, regeneration 1, shaggy fur 1, tough skin 1,
frail 1, weak 1
a: Renounce Religion, Minor Destruction, Lesser Servant of Makhleb, Major
Destruction


You were on level 2 of the Orcish Mines.
You worshipped Makhleb.
Makhleb was greatly pleased with you.
You visited 2 branches of the dungeon, and saw 12 of its levels.

You collected 1126 gold pieces.

Inventory:

Missiles
 i - 20 poisoned darts (quivered)
 j - 3 large rocks
 w - 12 boomerangs
 D - a throwing net
Armour
 a - a +0 robe
 b - a +0 kite shield
 p - a +2 robe of resistance (worn)
 K - +0 acid dragon scales
Jewellery
 e - an amulet of the acrobat
 f - a +4 ring of protection (left claw)
 l - a +4 ring of protection (right claw)
 H - the amulet of Lugonu's Pride (around neck) {Acrobat rCorr Str+2}
   (You found it on level 6 of the Dungeon)

   [amulet of the acrobat]

   Acrobat:   It increases your evasion while moving and waiting.
   Str+2:     It affects your strength (+2).
   rCorr:     It protects you from acid and corrosion.
Talismans
 E - a blade talisman
Wands
 c - a wand of polymorph (14)
 u - a wand of acid (30)
 I - a wand of roots (3)
Scrolls
 h - 3 scrolls of fog
 m - 5 scrolls of teleportation
 o - a scroll of noise {unknown}
 t - 2 scrolls of butterflies
 v - 2 scrolls of enchant armour
 x - a scroll of poison {unknown}
 y - 2 scrolls of revelation {unknown}
 F - a scroll of fear {unknown}
 G - a scroll of vulnerability {unknown}
 J - a scroll of silence {unknown}
Potions
 d - 2 potions of resistance {unknown}
 g - 4 potions of haste {unknown}
 k - 2 potions of lignification {unknown}
 r - 2 potions of ambrosia {unknown}
 s - a potion of attraction {unknown}
 z - 7 potions of curing {unknown}
 A - 2 potions of berserk rage {unknown}
 B - 2 potions of magic {unknown}
 C - 2 potions of mutation {unknown}


   Skills:
 + Level 4.1 Fighting
 + Level 3.1 Armour
 - Level 2.4 Dodging
 - Level 2.6 Shields
 - Level 17.3 Unarmed Combat
 + Level 2.9 Invocations
 + Level 3.4 Shapeshifting


You had 10 spell levels left.
You didn't know any spells.
Your spell library contained the following spells:

 Spells                   Type           Power      Damage    Failure   Level
 Cigotuvi's Dreadful Rot  Necr/Alch/Air  0%         N/A       65%         2
 Animate Dead             Necr           0%         N/A       99%         4
 Cause Fear               Hex            0%         N/A       99%         4
 Ignite Poison            Fire/Alch      0%         N/A       99%         4
 Summon Blazeheart Golem  Fire/Summ      0%         N/A       99%         4
 Borgnjor's Vile Clutch   Necr/Erth      0%         N/A       100%        5
 Fireball                 Conj/Fire      0%         3d3       100%        5
 Freezing Cloud           Conj/Ice/Air   0%         6-21      100%        5
 Death Channel            Necr           0%         N/A       100%        6
 Orb of Destruction       Conj           0%         9d5       100%        7
 Spellforged Servitor     Conj/Summ      0%         N/A       100%        7
 Dragon's Call            Summ           0%         N/A       100%        9


Dungeon Overview and Level Annotations

Branches:
Dungeon (10/15)            Temple (0/1) D:7            Lair (0/5) D:8
    Orc (2/2) D:10            Elf (0/3) Orc:2

Altars:
Ashenzari
Dithmenos
Gozag
Makhleb
Qazlal
Trog
Vehumet
The Shining One

Shops:
D:1 [   D:2 *   D:4 :   Orc:2 [


Innate Abilities, Weirdness & Mutations

You are too large for most types of armour.
You have claws for hands.
Your natural rate of healing is unusually fast.
You are covered in fur. (AC +1)
You have tough skin. (AC +1)
You are frail. (-10% HP)
You are weak. (Str -2)


Message History

You feel much better.
The neqoxec hits you but does no damage.
The troll bites you but does no damage.
The troll claws you but does no damage. x2
The orc sorcerer becomes larger for a moment.
The orc sorcerer hits you but does no damage.
The orc hits you with a +2 flail of holy wrath.
You scratch the neqoxec but do no damage.
The neqoxec gestures at you.
Strange energies course through your body.
You feel frail. The troll bites you. The troll claws you but does no damage.
The troll barely misses you. The orc sorcerer barely misses you.
The orc hits you but does no damage.
You barely miss the troll.
The troll is lightly wounded.
You mangle the troll!! Your claw misses the troll.
The troll is almost dead.
The neqoxec hits you but does no damage.
The troll bites you!
* * * LOW HITPOINT WARNING * * *
The troll barely misses you. The troll claws you but does no damage.
The orc hits you but does no damage.
The orc sorcerer casts a spell.
You claw the troll!
You kill the troll!
Makhleb accepts your kill.
The troll leather armour is intact enough to wear.
The neqoxec closely misses you.
The orc hits you with a +2 flail of holy wrath.
* * * LOW HITPOINT WARNING * * *
The orc sorcerer hits you but does no damage.
The two-headed ogre barely misses you.
The two-headed ogre hits you with a +0 giant club!
* * * LOW HITPOINT WARNING * * *
You barely miss the orc sorcerer. Your claw misses the orc sorcerer.
The neqoxec hits you.
* * * LOW HITPOINT WARNING * * *
You barely miss the orc sorcerer.
The neqoxec disappears in a puff of smoke!
The orc hits you but does no damage.
The orc sorcerer hits you but does no damage.
The soul eater draws from the surrounding life force!
You die...

##.## #...# ##.## ##.##
##.# ##...# ###..###
#..... ##......# #....#
#......## ## #....###
###......##
##..#......###.#.......#
#.....oo§...###....<...#
......O@3.....[.........
>.....###....[..........
..... ##<.......#.#...
.... # #........##.)..
#.. ##.#.........##)..
#. #.............)... #
#.................
...................
.........###.......#
.......####......###
##..... ###......##


You could see a soul eater (summoned), a two-headed ogre, an orc sorcerer and an
orc.

Vanquished Creatures
  4 two-headed ogres
  A deep elf pyromancer (D:10)
  An orc sorcerer (Orc:2)
  An orc knight (Orc:2)
  3 elephants (D:8)
  Maggie (D:8)
  A kobold demonologist (D:9)
  Jeremiah (D:8)
  A komodo dragon (D:10)
  4 trolls
  A polar bear (D:8)
  A wraith (D:9)
  4 yaks
  Grum (D:8)
  An unseen horror simulacrum (D:8)
  A warg (Orc:2)
  2 steam dragons
  2 water moccasins
  A sky beast (D:6)
  11 orc warriors
  3 ice beasts
  3 black bears
  2 centaurs
  9 ogres
  3 wolves (D:8)
  A kobold brigand (D:9)
  2 gnoll sergeants (D:7)
  2 bullfrogs
  3 scorpions
  11 killer bees (D:9)
  An electric eel (D:8)
  3 howler monkeys
  2 bombardier beetles (D:5)
  3 hounds
  11 orc priests
  3 jellies
  Jessica (D:2)
  4 iguanas
  Natasha (thrice) (D:3)
  14 orc wizards
  Robin (D:2)
  A killer bee simulacrum (D:8)
  9 adders
  12 gnolls
  2 white imps
  2 ufetubi (D:7)
  2 dart slugs
  2 ribbon worms
  60 orcs
  3 endoplasms
  A giant cockroach (D:1)
  15 hobgoblins
  14 kobolds
  6 quokkas
  6 ball pythons
  8 bats
  A frilled lizard (D:1)
  15 goblins
  3 rats
290 creatures vanquished.

Vanquished Creatures (others)
  An orc wizard (D:3)
1 creature vanquished.

Grand Total: 291 creatures vanquished

Notes
Turn   | Place    | Note
-------+----------+-------------------------------------------
     0 | D:1      | AlterAsc the Troll Fighter began the quest for the Orb.
     0 | D:1      | Reached XP level 1. HP: 22/22 MP: 0/0
   477 | D:1      | Reached XP level 2. HP: 29/29 MP: 1/1
   515 | D:1      | Reached skill level 3 in Unarmed Combat
   608 | D:1      | Found Ewuxoul's Armour Boutique.
   754 | D:1      | Reached XP level 3. HP: 36/36 MP: 2/2
  1176 | D:2      | Reached skill level 4 in Unarmed Combat
  1389 | D:2      | Noticed Robin
  1419 | D:2      | Reached XP level 4. HP: 30/44 MP: 3/3
  1422 | D:2      | Killed Robin
  1566 | D:2      | Found Wyusanagh's General Store.
  1620 | D:2      | Noticed Jessica
  1629 | D:2      | Killed Jessica
  1844 | D:2      | Reached skill level 5 in Unarmed Combat
  1884 | D:3      | Found a faded altar of an unknown god.
  1944 | D:3      | Noticed Natasha
  1948 | D:3      | Killed Natasha
  1949 | D:3      | Reached XP level 5. HP: 50/50 MP: 4/4
  1963 | D:3      | Noticed Natasha
  1975 | D:3      | Killed Natasha
  2116 | D:3      | Noticed Natasha
  2120 | D:3      | Killed Natasha
  2121 | D:3      | Reached skill level 6 in Unarmed Combat
  2267 | D:3      | Found a burning altar of Makhleb.
  2352 | D:3      | Became a worshipper of Makhleb the Destroyer
  2434 | D:3      | Reached XP level 6. HP: 59/59 MP: 5/5
  2509 | D:3      | Reached skill level 7 in Unarmed Combat
  2981 | D:4      | Found a glowing golden altar of the Shining One.
  3045 | D:4      | Reached XP level 7. HP: 66/66 MP: 6/6
  3371 | D:4      | Found Hepegyo's Book Boutique.
  3500 | D:5      | Entered Level 5 of the Dungeon
  3563 | D:5      | Reached skill level 8 in Unarmed Combat
  3607 | D:5      | Reached * piety under Makhleb
  3897 | D:5      | Reached skill level 9 in Unarmed Combat
  4012 | D:6      | Reached XP level 8. HP: 74/74 MP: 7/7
  4049 | D:6      | Identified the amulet of Lugonu's Pride {Acrobat rCorr
                  | Str+2}
  4087 | D:6      | Noticed a two-headed ogre
  4088 | D:6      | Found a bloodstained altar of Trog.
  4115 | D:6      | Reached skill level 10 in Unarmed Combat
  4318 | D:6      | Found a shadowy altar of Dithmenos.
  4319 | D:6      | Found an opulent altar of Gozag.
  4330 | D:6      | Found a stormy altar of Qazlal.
  4334 | D:6      | Found a radiant altar of Vehumet.
  4526 | D:6      | Killed a two-headed ogre
  4527 | D:6      | Reached skill level 12 in Unarmed Combat
  4527 | D:6      | Reached XP level 9. HP: 71/80 MP: 8/8
  4912 | D:7      | Found a broken altar of Ashenzari.
  4935 | D:7      | Reached ** piety under Makhleb
  5081 | D:7      | Found a staircase to the Ecumenical Temple.
  5155 | D:7      | Reached skill level 13 in Unarmed Combat
  5641 | D:8      | Noticed Jeremiah
  5654 | D:8      | Killed Jeremiah
  5692 | D:8      | Noticed an elephant
  5702 | D:8      | Killed an elephant
  5703 | D:8      | Reached skill level 14 in Unarmed Combat
  5720 | D:8      | Reached XP level 10. HP: 80/88 MP: 9/9
  5860 | D:8      | Noticed an elephant
  5866 | D:8      | Killed an elephant
  5878 | D:8      | Noticed Grum
  5889 | D:8      | Killed Grum
  5890 | D:8      | Reached skill level 15 in Unarmed Combat
  5991 | D:8      | Noticed Maggie
  5997 | D:8      | Killed Maggie
  6022 | D:8      | Found a staircase to the Lair.
  6022 | D:8      | Noticed an elephant
  6034 | D:8      | Killed an elephant
  6109 | D:8      | Reached *** piety under Makhleb
  6414 | D:8      | Reached skill level 16 in Unarmed Combat
  7046 | D:10     | Entered Level 10 of the Dungeon
  7052 | D:10     | Reached XP level 11. HP: 78/94 MP: 10/10
  7150 | D:10     | Identified the +3 short sword of Zenaywn {freeze, *Slow
                  | rElec rC+ rCorr}
  7338 | D:10     | Found a staircase to the Orcish Mines.
  7366 | D:10     | Reached skill level 17 in Unarmed Combat
  7368 | D:10     | Reached **** piety under Makhleb
  7552 | D:10     | Noticed a deep elf pyromancer
  7559 | D:10     | Killed a deep elf pyromancer
  7826 | Orc:1    | Entered Level 1 of the Orcish Mines
  8001 | Orc:2    | Entered Level 2 of the Orcish Mines
  8096 | Orc:2    | Reached skill level 1 in Shapeshifting
  8101 | Orc:2    | Noticed an orc knight
  8121 | Orc:2    | Killed an orc knight
  8122 | Orc:2    | Reached skill level 1 in Armour
  8233 | Orc:2    | Found Qiudoecku's Armour Shoppe.
  8234 | Orc:2    | Noticed a two-headed ogre
  8235 | Orc:2    | Noticed a two-headed ogre
  8235 | Orc:2    | Noticed a two-headed ogre
  8235 | Orc:2    | Noticed a two-headed ogre
  8236 | Orc:2    | Noticed an orc sorcerer
  8290 | Orc:1    | Killed a two-headed ogre
  8291 | Orc:1    | Reached skill level 1 in Invocations
  8295 | Orc:1    | Killed a two-headed ogre
  8359 | Orc:2    | Found a staircase to the Elven Halls.
  8359 | Orc:2    | Noticed an orc sorcerer
  8365 | Orc:2    | Killed a two-headed ogre
  8374 | Orc:2    | HP: 1/98 [ogre/+0 giant spiked club (12)]
  8381 | Orc:2    | Noticed a two-headed ogre
  8382 | Orc:2    | Killed an orc sorcerer
  8383 | Orc:2    | HP: 3/96 [orc sorcerer/bolt of negative energy (18)]
  8384 | Orc:2    | Gained mutation: You are weak. (Str -2) [a neqoxec]
  8387 | Orc:2    | Gained mutation: You are frail. (-10% HP) [a neqoxec]
  8390 | Orc:2    | Noticed a soul eater
  8392 | Orc:2    | Slain by a soul eater

Illustrated notes

Levels and vault maps discovered:
D:1:      dpeg_arrival_tiny_a, layout_basic, serial_shops, shop, minivault_25
D:2:      layout_loops_ring, serial_shops, shop, minmay_tromino_v2, uniq_robin,
          uniq_jessica
D:3:      layout_loops_ring, lightli_temple_of_fire,
          nicolae_ecumenical_pavilion, uniq_natasha
D:4:      layout_loops_cross, tso_metal_star, serial_shops, shop
D:5:      layout_basic, minmay_misc_feat_columns, hangedman_decor_opposing
D:6:      layout_basic, lemuel_tele_altar, nicolae_overflow_macrodata_refinement
D:7:      layout_loops_cross, nicolae_ashenzari_skybound,
          minmay_temple_entry_antechambers
D:8:      layout_basic, grunt_lair_entry_orc_guard_hut, serial_ice,
          serial_ice_m, serial_ice_e, serial_ice_d, serial_ice_f, uniq_maggie,
          uniq_jeremiah, uniq_grum
D:9:      layout_rooms, kennysheep_minor_cross
D:10:     layout_loops_ring, david_orc_5, guppyfry_early_elven_hall
Orc:1:    layout_caves, mines1_david, uniq_gastronok
Orc:2:    st_orc_open, layout_diamond_mine, nicolae_shop_gadgets

Skill      XL: |  1  2  3  4  5  6  7  8  9 10 11 |
---------------+----------------------------------+-----
Unarmed Combat | 3 4 5 6 7 9 12 14 16 17 | 17.3
Shapeshifting  | 3 |  3.4
Armour         | 3 |  3.1
Fighting       | 4 |  4.1
Invocations    | 2 |  2.9
Dodging        | |  2.4
Shields        | |  2.6

Action                     |  1- 3 |  4- 6 |  7- 9 | 10-12 || total
---------------------------+-------+-------+-------+-------++-------
  Melee: Unarmed           |   119 |   135 |   218 |   337 ||   809
         Punch             |       |       |     8 |    18 ||    26
    Use: Potion            |       |       |     1 |     7 ||     8
         Scroll            |       |       |       |     5 ||     5
 Armour: Robe              |    65 |    73 |   145 |   262 ||   545
  Dodge: Dodged            |    47 |    48 |   101 |   248 ||   444
  Block: Kite shield       |    49 |    30 |    19 |       ||    98
